 Dungeon Crawl Stone Soup version 0.30-a0-739-gea05faddec (webtiles) character file.

Game seed: 15395876166653382457

944 jimonade the Magician (level 8, -2/52 HPs)
             Began as a Djinni Hedge Wizard on Feb 4, 2023.
             Killed from afar by a white imp (9 damage)
             ... with a puff of frost
             ... on level 5 of the Dungeon.
             The game lasted 00:10:42 (4445 turns).

jimonade the Magician (Djinni Hedge Wizard)         Turns: 4445, Time: 00:10:43

Health: -2/52      AC:  5    Str: 11    XL:     8   Next: 35%
Gold:   241        EV: 10    Int: 16    God:
                   SH:  5    Dex: 13

rFire   + + .      SeeInvis .    a - +1 dagger (venom)
rCold   x . .      Faith    .    A - +2 buckler
rNeg    . . .      Spirit   .    j - +0 ring mail
rPois   ∞          Reflect  .    c - +0 hat
rElec   .          Harm     .    (no cloak)
rCorr   .          Rampage  .    (no gloves)
Will    .....                    (boots unavailable)
Stlth   +                        (no amulet)
HPRegen 0.28/turn                (no ring)
MPRegen 0.00/turn                (no ring)

@: flying
A: sickness immunity, fire resistance 2, cold vulnerability 1, float, innate
caster, HP casting, extra vitality 1
a: no special abilities


You were on level 5 of the Dungeon.
You visited 1 branch of the dungeon, and saw 5 of its levels.

You collected 241 gold pieces.

Inventory:

Hand Weapons
 a - a +1 dagger of venom (weapon)
 b - a +0 short sword of protection
 h - a +0 short sword
 i - a +0 spear
 t - a +0 dagger
 y - a +1 short sword of venom
Missiles
 o - 5 boomerangs
 C - 4 curare-tipped darts
Armour
 c - a +0 hat (worn)
 j - a +0 ring mail (worn)
 x - a +0 robe
 A - a +2 buckler (worn)
Jewellery
 B - a ring of ice
Scrolls
 f - 7 scrolls of identify {unknown}
 g - 2 scrolls of teleportation {unknown}
 k - a scroll of butterflies {unknown}
 l - 3 scrolls of silence {unknown}
 m - a scroll of noise {unknown}
 n - 2 scrolls of enchant armour {unknown}
 s - a scroll of fog {unknown}
 w - 2 scrolls of enchant weapon {unknown}
 z - a scroll of fear {unknown}
 E - a scroll of poison {unknown}
Potions
 d - 3 potions of magic
 e - a potion of attraction {unknown}
 p - 2 potions of resistance {unknown}
 q - a potion of brilliance {unknown}
 r - 6 potions of curing {unknown}
 u - a potion of haste {unknown}
 v - a potion of lignification {unknown}
 D - a potion of heal wounds {unknown}
 F - a potion of mutation {unknown}


   Skills:
 + Level 1.6 Fighting
 + Level 1.8 Short Blades
 + Level 0.5 Armour
 + Level 2.9 Dodging
 - Level 1.5 Stealth
 + Level 0.1 Shields
 * Level 6.8 Spellcasting


You had 6 spell levels left.
You knew the following spells:

 Your Spells              Type           Power      Damage    Failure   Level
a - Magic Dart            Conj           100%       1d8       2%          1
b - Slow                  Hex            100%       N/A       2%          1
c - Blink                 Tloc           54%        N/A       3%          2
d - Call Imp              Summ           27%        N/A       3%          2
e - Mephitic Cloud        Conj/Pois/Air  27%        N/A       8%          3
f - Kiss of Death         Conj/Necr      100%       2d13      2%          1
g - Static Discharge      Conj/Air       54%        2-5/arc   3%          2
h - Momentum Strike       Conj/Tloc      54%        3d9       3%          2
Your spell library was empty.

Dungeon Overview and Level Annotations

Branches:
Dungeon (5/15)
 Temple: D:4-7

Altars:
Dithmenos

Annotations:
D:4 2 transporters, IdlyInterested's ghost, amateur DsFi


Innate Abilities, Weirdness & Mutations

You are immune to sickness and miasma.
You are immune to poison.
Your flesh is very heat resistant. (rF++)
You are vulnerable to cold. (rC-)
You float through the air rather than walking.
You learn spells naturally, not from books.
Your magical power is your life essence.
You have superior vitality. (+4 MHP)


Message History

Your shadow imp hits the killer bee.
Casting: Mephitic Cloud (dangerous; 8% risk of failure)
Confirm with . or Enter, or press ? or * to list all spells.
Aiming: Mephitic Cloud (dangerous; 8% risk of failure)
Press: ? - help, Shift-Dir - straight line, f - white imp
Aim: a white imp (not susceptible)
The ball explodes into a vile cloud!
The stinking cloud engulfs the white imp but does no damage.
The stinking cloud engulfs you but does no damage.
The stinking cloud engulfs your shadow imp but does no damage.
Your shadow imp is lightly wounded.
The stinking cloud engulfs the killer bee but does no damage.
The killer bee is severely wounded.
The killer bee is engulfed in noxious fumes.
The killer bee closely misses you. The white imp gestures at you.
The puff of frost hits you!
You feel a terrible chill!
* * * LOW HITPOINT WARNING * * *
The killer bee is engulfed in noxious fumes.
The killer bee appears confused.
The killer bee closely misses your shadow imp.
Your shadow imp hits the killer bee.
You are too injured to fight recklessly!
You are too injured to fight recklessly!
You barely miss the white imp.
You kill the killer bee!
You block the white imp's attack.
Your shadow imp barely misses the white imp.
You hit the white imp but do no damage. The white imp hits you.
* * * LOW HITPOINT WARNING * * *
The white imp freezes you.
You feel a terrible chill!
* * * LOW HITPOINT WARNING * * *
Your shadow imp hits the white imp.
You closely miss the white imp.
The white imp is moderately wounded.
Your shadow imp disappears in a puff of smoke!
The white imp closely misses you. The white imp gestures at you.
The puff of frost hits you!
You feel a terrible chill!
You die...

##########.#
#.# #.# #.# #.#
# #.# ..# #.#
#...#
#######†#°.....
.......@5§.....
#####...○☼.....
##...##...#
##.## ..# #.#
## #.# #+#


You could see a white imp.

Vanquished Creatures
  Eustachio (D:4)
  An ogre (D:4)
  A necrophage (D:4)
  A scorpion (D:4)
  3 killer bees (D:5)
  3 hounds
  An orc priest (D:4)
  Jessica (D:2)
  2 iguanas (D:4)
  An orc wizard (D:4)
  3 adders (D:4)
  3 worms
  3 dart slugs (D:1)
  4 orcs
  5 bats
  4 endoplasms
  7 giant cockroaches
  2 goblins
  4 hobgoblins
  2 jackals (D:2)
  5 kobolds
  5 quokkas
  8 ball pythons
  6 frilled lizards
  5 rats
81 creatures vanquished.

Vanquished Creatures (collateral kills)
  A scorpion (D:4)
  A killer bee (D:5)
  An orc priest (D:4)
  An endoplasm (D:4)
  2 kobolds (D:4)
6 creatures vanquished.

Grand Total: 87 creatures vanquished

Notes
Turn   | Place    | Note
-------+----------+-------------------------------------------
     0 | D:1      | jimonade the Djinni Hedge Wizard began the quest for the
                  | Orb.
     0 | D:1      | jimonade set off with the following spells memorised: Magic
                  | Dart, Slow, Blink, Call Imp, Mephitic Cloud.
     0 | D:1      | Reached XP level 1. HP: 15/15 MP: 0/0
   112 | D:1      | Reached XP level 2. HP: 20/21 MP: 0/0
   363 | D:1      | Reached skill level 3 in Spellcasting
   430 | D:1      | Reached XP level 3. HP: 23/25 MP: 0/0
   430 | D:1      | Learned a level 1 spell: Kiss of Death
  1332 | D:2      | Noticed Jessica
  1341 | D:2      | Killed Jessica
  1342 | D:2      | Reached XP level 4. HP: 16/31 MP: 0/0
  2200 | D:3      | Reached skill level 4 in Spellcasting
  2810 | D:4      | Found a transporter.
  2811 | D:4      | Noticed a scorpion
  2812 | D:4      | Found a transporter.
  2812 | D:4      | Noticed IdlyInterested's ghost (amateur DsFi)
  2817 | D:4      | Killed a scorpion
  2818 | D:4      | Reached XP level 5. HP: 26/35 MP: 0/0
  2818 | D:4      | Learned a level 2 spell: Static Discharge
  2829 | D:4      | Reached XP level 6. HP: 26/40 MP: 0/0
  2909 | D:4      | Reached skill level 5 in Spellcasting
  3189 | D:4      | Noticed an ogre
  3209 | D:4      | Killed an ogre
  3210 | D:4      | Reached XP level 7. HP: 41/46 MP: 0/0
  3210 | D:4      | Learned a level 2 spell: Momentum Strike
  3299 | D:4      | Reached skill level 6 in Spellcasting
  3418 | D:4      | Noticed Eustachio
  3440 | D:4      | Killed Eustachio
  3441 | D:4      | Reached skill level 1 in Fighting
  3441 | D:4      | Reached skill level 1 in Short Blades
  3798 | D:4      | Reached XP level 8. HP: 52/52 MP: 0/0
  3960 | D:5      | Entered Level 5 of the Dungeon
  4106 | D:5      | Found a shadowy altar of Dithmenos.
  4445 | D:5      | Killed from afar by a white imp

Illustrated notes

Levels and vault maps discovered:
D:1:      nzn_arrival_crosshair, layout_basic, st_stairs_7
D:2:      layout_loops_ring, uniq_jessica
D:3:      layout_rooms
D:4:      layout_basic, gammafunk_ghost_arena, uniq_eustachio
D:5:      layout_loops_corners, grunt_dithmenos_smoke

Skill      XL: |  1  2  3  4  5  6  7 |
---------------+----------------------+-----
Spellcasting   | 3 4 5 6 |  6.8
Fighting       | 1 |  1.6
Short Blades   | 1 |  1.8
Armour         | |  0.5
Dodging        | |  2.9
Stealth        | |  1.5
Shields        | |  0.1

Action                     |  1- 3 |  4- 6 |  7- 9 || total
---------------------------+-------+-------+-------++-------
  Melee: Dagger            |     5 |     8 |    69 ||    82
         Short sword       |       |    17 |       ||    17
   Cast: Magic Dart        |    82 |    76 |    14 ||   172
         Blink             |       |     8 |     2 ||    10
         Call Imp          |       |     9 |     4 ||    13
         Mephitic Cloud    |       |     3 |     7 ||    10
         Momentum Strike   |       |       |     1 ||     1
   Stab: Confused          |       |       |     4 ||     4
         Sleeping          |       |       |     1 ||     1
 Armour: Robe              |     2 |    11 |     3 ||    16
         Ring mail         |       |       |    11 ||    11
  Dodge: Dodged            |     8 |    19 |    48 ||    75
  Block: Buckler           |       |       |     7 ||     7

Table legend: (Time is in decaauts)
 A = Elapsed time spent in this place.
 B = Non-inter-level travel time spent in this place.
 C = Inter-level travel time spent in this place.
 D = Time resting spent in this place.
 E = Time spent auto-exploring this place.
 F = Levels seen in this place.
 G = Mean time per level.
                   A        B        C        D        E       F      G
               +--------+--------+--------+--------+--------+-----+--------+
         Total |   4440 |   4255 |    185 |    286 |   3169 |   5 |  888.0 |
       Dungeon |   4440 |   4255 |    185 |    286 |   3169 |   5 |  888.0 |
               +--------+--------+--------+--------+--------+-----+--------+

Top non-repeatable levels by time:
     D:1: 1192 daAuts
     D:4: 1162 daAuts
     D:2: 993 daAuts
     D:3: 607 daAuts
     D:5: 484 daAuts
